 Dungeon Crawl Stone Soup version 0.30-a0-996-ga6910c8ee8 (webtiles) character file.

Game seed: 605458719593091777

76 DavidChitty2 the Shield-Bearer (level 4, -6/40 HPs)
             Began as a Minotaur Fighter on Apr 4, 2023.
             Killed by divine providence
             ... invoked by an orc priest
              (14 damage)
             ... on level 3 of the Dungeon.
             The game lasted 00:01:21 (1370 turns).

DavidChitty2 the Shield-Bearer (Minotaur Fighter)   Turns: 1370, Time: 00:01:21

Health: -6/40      AC:  9    Str: 22    XL:     4   Next: 12%
Magic:  3/3        EV:  7    Int:  5    God:
Gold:   97         SH:  4    Dex: 10    Spells: 3/3 levels left

rFire   . . .      SeeInvis .    a - +0 war axe
rCold   . . .      Faith    .    c - +0 buckler
rNeg    . . .      Spirit   .    h - +0 chain mail
rPois   .          Reflect  .    (helmet restricted)
rElec   .          Rampage  .    (no cloak)
rCorr   .                        (no gloves)
Will    .....                    (no boots) Stlth
                                 (no amulet)
HPRegen 0.26/turn                (no ring)
MPRegen 0.08/turn                (no ring)

@: no status effects
A: horns 2, retaliatory headbutt
a: no special abilities


You were on level 3 of the Dungeon.
You visited 1 branch of the dungeon, and saw 3 of its levels.

You collected 97 gold pieces.

Inventory:

Hand Weapons
 a - a +0 war axe (weapon)
Armour
 c - a +0 buckler (worn)
 h - a +0 chain mail (worn)
   (You took it off a hobgoblin on level 1 of the Dungeon)
Scrolls
 b - 3 scrolls of vulnerability {unknown}
 f - 4 scrolls of identify {unknown}
 g - a scroll of teleportation {unknown}
 i - 2 scrolls of acquirement {unknown}
 k - a scroll of amnesia {unknown}
Potions
 d - a potion of might
 e - a potion of mutation {unknown}
 j - a potion of degeneration {unknown}
 l - a potion of curing {unknown}


   Skills:
 + Level 4.2 Fighting
 * Level 3.9 Axes
 + Level 4.2 Armour
 + Level 4.2 Shields


You had 3 spell levels left.
You didn't know any spells.
Your spell library contained the following spells:

 Spells                   Type           Power      Damage    Failure   Level
 Ignite Poison            Fire/Tmut/Pois 0%         N/A       100%        3
 Sticky Flame             Conj/Fire      0%         2d3       100%        4
 Ignition                 Fire           0%         3d3       100%        8


Dungeon Overview and Level Annotations

Branches:
Dungeon (3/15)

Altars:


Innate Abilities, Weirdness & Mutations

You have a pair of horns on your head.
You reflexively headbutt those who attack you in melee.


Message History

Found a scroll labelled BUONOEMAWO.
An endoplasm is nearby!
An endoplasm is nearby!
The endoplasm barely misses you.
You barely miss the endoplasm. You headbutt the endoplasm.
You kill the endoplasm!
No target in view!
No target in view!
No target in view!
No target in view!
No target in view!
No target in view!
No target in view!
An orc comes into view. It is wielding a +0 mace.
An orc is nearby!
An orc is nearby!
An orc is nearby!
An orc priest and an orc come into view.
The orc is wielding a +1 falchion of freezing.
The orc priest shouts!
An adder comes into view.
An orc comes into view. It is wielding a +0 hand axe.
The adder enters a dispersal trap!
The orc blinks! x2; The orc priest blinks!
The orc blinks!
The orc priest moves out of view.
The adder moves out of view.
The orc moves out of view.
You hit the orc.
The orc hits you with a +1 falchion of freezing.
The orc freezes you. You block the orc's attack.
You closely miss the orc.
The orc hits you with a +1 falchion of freezing.
The orc freezes you.
The orc hits you with a +1 falchion of freezing.
The orc freezes you.
You barely miss the orc. You block the orc's attack.
You barely miss the orc.
The orc priest invokes the aid of Beogh against you.
Beogh smites you!
* * * LOW HITPOINT WARNING * * *
The orc hits you with a +1 falchion of freezing.
* * * LOW HITPOINT WARNING * * *
The orc freezes you.
* * * LOW HITPOINT WARNING * * *
The orc hits you with a +1 falchion of freezing.
* * * LOW HITPOINT WARNING * * *
The orc freezes you.
* * * LOW HITPOINT WARNING * * *
The orc priest invokes the aid of Beogh against you.
Beogh smites you!
You die...

...# #..# #### #..#
....##..############
#..>....†.........###.
#.#....#########......
#....##.............
###.....######..####
#.o@.#### #..## #.o..#
###...# ........##.#
#...#.# .§.##.#.##.#
#.#...# ..###...#
#.#.### .## ####
#.#.### §. #.#...# .
#.###.# #. #.#


You could see an orc priest and an orc.

Vanquished Creatures
  2 adders (D:2)
  A worm (D:3)
  A dart slug (D:2)
  5 orcs (D:2)
  5 ball pythons
  3 bats (D:1)
  3 endoplasms
  2 giant cockroaches (D:1)
  7 goblins
  5 hobgoblins
  4 jackals (D:1)
  A kobold (D:2)
  2 rats (D:1)
41 creatures vanquished.

Notes
Turn   | Place    | Note
-------+----------+-------------------------------------------
     0 | D:1      | DavidChitty2 the Minotaur Fighter began the quest for the
                  | Orb.
     0 | D:1      | Reached XP level 1. HP: 19/19 MP: 0/0
    79 | D:1      | Reached XP level 2. HP: 16/27 MP: 1/1
   256 | D:1      | Found a faded altar of an unknown god.
   708 | D:2      | Reached XP level 3. HP: 33/33 MP: 2/2
  1086 | D:2      | Reached XP level 4. HP: 32/40 MP: 3/3
  1370 | D:3      | Killed from afar by an orc priest

Illustrated notes

Levels and vault maps discovered:
D:1:      minmay_arrival_five_plusses, layout_loops_ring,
          chequers_ecumenical_altar_twisty
D:2:      layout_basic
D:3:      layout_loops_ring

Skill      XL: |  1  2  3 |
---------------+----------+-----
Axes           | 3 |  3.9
Armour         | 4 |  4.2
Shields        | 4 |  4.2
Fighting       | 4 |  4.2

Action                     |  1- 3 |  4- 6 || total
---------------------------+-------+-------++-------
  Melee: War axe           |    67 |    11 ||    78
         Headbutt          |    10 |     2 ||    12
 Armour: Scale mail        |    21 |       ||    21
         Chain mail        |    26 |     2 ||    28
  Dodge: Dodged            |    39 |     2 ||    41
  Block: Buckler           |    17 |     3 ||    20

Table legend: (Time is in decaauts)
 A = Elapsed time spent in this place.
 B = Non-inter-level travel time spent in this place.
 C = Inter-level travel time spent in this place.
 D = Time resting spent in this place.
 E = Time spent auto-exploring this place.
 F = Levels seen in this place.
 G = Mean time per level.
                   A        B        C        D        E       F      G
               +--------+--------+--------+--------+--------+-----+--------+
         Total |   1399 |   1312 |     87 |      0 |   1044 |   3 |  466.3 |
       Dungeon |   1399 |   1312 |     87 |      0 |   1044 |   3 |  466.3 |
               +--------+--------+--------+--------+--------+-----+--------+

Top non-repeatable levels by time:
     D:1: 713 daAuts
     D:2: 558 daAuts
     D:3: 127 daAuts
